 Dungeon Crawl Stone Soup version 0.30-a0-799-g109b55a442 (webtiles) character file.

Game seed: 9810670918294529246

150 dolemite99 the Conjurer (level 5, 0/36 (38) HPs)
             Began as a Draconian Conjurer on Feb 21, 2023.
             Was a Follower of Kikubaaqudgha.
             Slain by Crazy Yiuf
             ... wielding a +4 quarterstaff of chaos
              (8 damage)
             ... on level 3 of the Dungeon.
             The game lasted 00:07:20 (3830 turns).

dolemite99 the Conjurer (Draconian Conjurer)        Turns: 3830, Time: 00:07:21

HP:   0/36 (38)     AC:  9    Str:  9    XL:     5   Next: 10%
MP:   1/8           EV: 12    Int: 21    God:    Kikubaaqudgha [*.....]
Gold: 142           SH:  0    Dex:  9    Spells: 4/8 levels left

rFire   . . .      SeeInvis .    p - +2 long sword (protect)
rCold   . . .      Faith    .    (no shield)
rNeg    . . .      Spirit   .    (body armour unavailable)
rPois   .          Reflect  .    (helmet restricted)
rElec   .          Harm     .    (no cloak)
rCorr   .          Rampage  .    r - +2 pair of gloves
Will    .....                    m - +0 pair of boots
Stlth   ++                       (no amulet)
HPRegen 0.26/turn                (no ring)
MPRegen 0.11/turn                (no ring)

@: mighty, drained
A: AC +5, unfitting armour, cold-blooded
a: Renounce Religion, Unearth Wretches


You were on level 3 of the Dungeon.
You worshipped Kikubaaqudgha.
Kikubaaqudgha was aware of your devotion.
You visited 1 branch of the dungeon, and saw 3 of its levels.

You collected 142 gold pieces.

Inventory:

Hand Weapons
 c - a +0 flail
 i - a +0 sling
 p - a +2 long sword of protection (weapon)
 t - a +1 short sword of freezing
Armour
 m - a +0 pair of boots (worn)
 r - a +2 pair of gloves (worn)
Magical Staves
 e - a staff of conjuration
Jewellery
 a - an amulet of guardian spirit
 f - a ring of ice
 g - a ring of willpower
 o - a +6 ring of strength
Scrolls
 b - a scroll of amnesia
 s - a scroll of teleportation
Potions
 d - 3 potions of curing
 h - a potion of mutation
 j - 2 potions of lignification
 k - a potion of haste {unknown}
 l - a potion of brilliance
 q - a potion of degeneration {unknown}
 u - a potion of might {unknown}
 w - a potion of flight {unknown}


   Skills:
 - Level 1.7 Dodging
 - Level 1.7 Stealth
 - Level 2.0 Spellcasting
 + Level 5.5 Conjurations
 * Level 3.0 Necromancy


You had 4 spell levels left.
You knew the following spells:

 Your Spells              Type           Power      Damage    Failure   Level
a - Magic Dart            Conj           100%       1d8       1%          1
b - Searing Ray           Conj           50%        2d6       2%          2
c - Necrotise             Necr           56%        1d6       4%          1

Your spell library contained the following spells:

 Spells                   Type           Power      Damage    Failure   Level
 Sublimation of Blood     Necr           14%        N/A       6%          2
 Cigotuvi's Dreadful Rot  Necr/Pois/Air  12%        N/A       14%         2
 Dazzling Flash           Conj/Hex       26%        N/A       14%         3
 Animate Dead             Necr           14%        N/A       38%         4
 Fulminant Prism          Conj/Hex       6%         3d7       43%         4
 Iskenderun's Mystic Bla  Conj/Tloc      13%        2d5       43%         4


Dungeon Overview and Level Annotations

Branches:
Dungeon (3/15)

Altars:
Kikubaaqudgha
Sif Muna
The Shining One

Shops:
D:2 [

Annotations:
D:2 exclusion: downstairs
D:3 Crazy Yiuf, Grinder


Innate Abilities, Weirdness & Mutations

Your plain brown scales are hard. (AC +5)
You cannot fit into any form of body armour.
You are cold-blooded and may be slowed by cold attacks.


Message History

You are electrocuted!
Crazy Yiuf says, "Ten sing-song ladder!"
You see here a gnoll corpse.
Crazy Yiuf attacks as you move away!
Crazy Yiuf hits you with a +4 quarterstaff of chaos.
Crazy Yiuf freezes you.
Casting: Searing Ray (safe; 2% risk of failure)
Confirm with . or Enter, or press ? or * to list all spells.
Okay, then.
Okay, then.
You feel much better.
Crazy Yiuf hits you with a +4 quarterstaff of chaos.
You feel very mighty all of a sudden.
Casting: Searing Ray (safe; 2% risk of failure)
Confirm with . or Enter, or press ? or * to list all spells.
Aiming: Searing Ray (safe; 2% risk of failure)
Press: ? - help, Shift-Dir - straight line, f - Crazy Yiuf
Aim: Crazy Yiuf, wielding a +4 quarterstaff of chaos and wearing a +0 cloak (82% to hit)
The searing ray hits Crazy Yiuf.
Crazy Yiuf is lightly wounded. (Press . to maintain the ray.) Crazy Yiuf hits you with a +4 quarterstaff of chaos!
You feel drained.
The searing ray misses Crazy Yiuf.
Crazy Yiuf hits you with a +4 quarterstaff of chaos!
Crazy Yiuf burns you.
* * * LOW HITPOINT WARNING * * *
The searing ray hits Crazy Yiuf.
Crazy Yiuf is moderately wounded.
Crazy Yiuf hits you with a +4 quarterstaff of chaos.
* * * LOW HITPOINT WARNING * * *
You feel drained.
* * * LOW HITPOINT WARNING * * *
The searing ray hits Crazy Yiuf!
Crazy Yiuf is severely wounded.
You finish channelling your searing ray.
Crazy Yiuf yells, "Race!"
Crazy Yiuf hits you with a +4 quarterstaff of chaos!
You die...
Kikubaaqudgha rasps: "You have failed me!
Welcome... death!"

...# ##.########
##.#......# .......##.#
##.#.#.##.###♣♣ ###
##.#.#........♣♣ ♣♣#..)#
...#.####......♣♣♣♣.'...#
####............♣g†♣#...#
###########....♣@♣♣♣ ###
...##......##♣♣♣♣♣
##.##......#
#.##......#########
##.##.......##.#...##
...##.......##......#
####
#.###.###.####.#...##
#... ...........###.#.<.#
#... ###.###.##..##.....#
#...


You could see Crazy Yiuf.

Vanquished Creatures
  A crimson imp (D:3)
  Jessica (D:2)
  Robin (D:2)
  An adder (D:2)
  2 worms
  2 dart slugs (D:1)
  2 bats
  4 endoplasms
  A giant cockroach (D:3)
  6 goblins
  9 hobgoblins
  8 jackals
  6 ball pythons
  4 frilled lizards
  2 goblin skeletons (D:3)
  2 goblin zombies (D:3)
  3 hobgoblin zombies (D:3)
  3 kobolds
  A kobold skeleton (D:3)
  A kobold zombie (D:3)
  3 orc skeletons (D:3)
  2 orc zombies (D:3)
  5 rats
70 creatures vanquished.

Vanquished Creatures (others)
  A gnoll (D:3)
1 creature vanquished.

Grand Total: 71 creatures vanquished

Notes
Turn   | Place    | Note
-------+----------+-------------------------------------------
     0 | D:1      | dolemite99 the Draconian Conjurer began the quest for the
                  | Orb.
     0 | D:1      | Reached XP level 1. HP: 14/14 MP: 3/3
     1 | D:1      | Noticed an electric eel
   389 | D:1      | Reached XP level 2. HP: 20/20 MP: 0/5
  1152 | D:2      | Reached skill level 5 in Conjurations
  1307 | D:2      | Found a faded altar of an unknown god.
  1311 | D:2      | Prayed at the altar of an unknown god.
  1311 | D:2      | Became a worshipper of Kikubaaqudgha
  1311 | D:2      | Reached * piety under Kikubaaqudgha
  1311 | D:2      | Received a gift from Kikubaaqudgha
  1333 | D:2      | Learned a level 2 spell: Searing Ray
  1335 | D:2      | Learned a level 1 spell: Necrotise
  1343 | D:2      | Reached XP level 3. HP: 26/26 MP: 2/6
  1794 | D:2      | Found Ebeowkuo's Antique Armour Boutique.
  1869 | D:2      | Learned a level 1 spell: Magic Dart
  1966 | D:2      | Noticed Jessica
  1972 | D:2      | Killed Jessica
  1973 | D:2      | Reached skill level 1 in Necromancy
  1973 | D:2      | Reached XP level 4. HP: 33/33 MP: 1/7
  2560 | D:3      | Found a shimmering blue altar of Sif Muna.
  2652 | D:3      | Found a glowing golden altar of the Shining One.
  2730 | D:3      | Reached ** piety under Kikubaaqudgha
  3397 | D:3      | Noticed Robin
  3407 | D:3      | Noticed Grinder
  3414 | D:3      | Reached XP level 5. HP: 38/38 MP: 3/8
  3430 | D:2      | Killed Robin
  3816 | D:3      | Found a runed translucent door.
  3817 | D:3      | Noticed Crazy Yiuf
  3830 | D:3      | Slain by Crazy Yiuf

Illustrated notes

Levels and vault maps discovered:
D:1:      arrival_aquarium_a, layout_rooms
D:2:      layout_basic, basic_ecumenical_altar, serial_shops, shop,
          minmay_heptomino_o4, uniq_jessica
D:3:      layout_loops_cross, mainiacjoe_overflow_boulevard,
          nicolae_tso_besieged_by_evil, nicolae_concentric_dashed_squares_mild,
          uniq_crazy_yiuf_cottage, uniq_grinder, uniq_robin

Skill      XL: |  1  2  3  4  5 |
---------------+----------------+-----
Conjurations   | 5 |  5.5
Necromancy     | 1 2 3 |  3.0
Dodging        | |  1.7
Stealth        | |  1.7
Spellcasting   | |  2.0

Action                     |  1- 3 |  4- 6 || total
---------------------------+-------+-------++-------
  Melee: Flail             |    14 |       ||    14
         Tailslap          |     2 |     3 ||     5
         Long sword        |     1 |    39 ||    40
   Cast: Magic Dart        |    46 |    17 ||    63
         Searing Ray       |     3 |    14 ||    17
 Invoke: Unearth Wretches  |       |     1 ||     1
    Use: Scroll            |     5 |     4 ||     9
         Potion            |       |     2 ||     2
   Stab: Paralysed         |       |     1 ||     1
 Armour: Skin              |    21 |    37 ||    58
  Dodge: Dodged            |    27 |    54 ||    81

Table legend: (Time is in decaauts)
 A = Elapsed time spent in this place.
 B = Non-inter-level travel time spent in this place.
 C = Inter-level travel time spent in this place.
 D = Time resting spent in this place.
 E = Time spent auto-exploring this place.
 F = Levels seen in this place.
 G = Mean time per level.
                   A        B        C        D        E       F      G
               +--------+--------+--------+--------+--------+-----+--------+
         Total |   3851 |   3735 |    116 |   1712 |   1351 |   3 | 1283.7 |
       Dungeon |   3851 |   3735 |    116 |   1712 |   1351 |   3 | 1283.7 |
               +--------+--------+--------+--------+--------+-----+--------+

Top non-repeatable levels by time:
     D:2: 1930 daAuts
     D:3: 1086 daAuts
     D:1: 835 daAuts
